 Dungeon Crawl Stone Soup version 0.31-a0-128-g25add195a6 (webtiles) character file.

Game seed: 7116871605207098327

92780 SeerSkye the Warrior (level 15, -29/148 HPs)
             Began as a Minotaur Artificer on June 1, 2023.
             Was an Initiate of Gozag.
             Annihilated by an enormous slime creature (43 damage)
             ... on level 15 of the Dungeon.
             The game lasted 01:39:00 (14606 turns).

SeerSkye the Warrior (Minotaur Artificer)          Turns: 14606, Time: 01:39:01

Health: -29/148    AC: 18    Str: 21    XL:     15   Next: 58%
Magic:  14/14      EV:  8    Int:  4    God:    Gozag
Gold:   3255       SH:  6    Dex: 14    Spells: 14/14 levels left

rFire   . . .        m - +1 whip (distort)
rCold   . . .        M - +0 buckler
rNeg    . . .        C - +0 plate armour
rPois   +            (helmet restricted)
rElec   +            H - scarf {repulsion}
rCorr   .            L - +0 pair of gloves
SInv    .            t - -1 pair of boots of the Worm {rElec rPois Int-4}
Will    ++...        F - amulet of regeneration Stlth
                     a - ring of willpower
HPRegen 1.24/turn    V - +4 ring of slaying
MPRegen 0.14/turn

%: repel missiles
@: gold aura
A: horns 2, retaliatory headbutt
a: Renounce Religion, Potion Petition, Call Merchant, Bribe Branch


You were on level 15 of the Dungeon.
You worshipped Gozag.
Gozag was most pleased with you.
You visited 4 branches of the dungeon, and saw 22 of its levels.
You also visited: Ossuary and Volcano.

You collected 6157 gold pieces.
You spent 978 gold pieces at shops.
You paid 1924 gold pieces to Gozag.

Inventory:

Hand Weapons
 m - a +1 whip of distortion (weapon)
Missiles
 b - 10 boomerangs (quivered)
 x - 2 boomerangs of dispersal
 G - 4 throwing nets
 K - 3 silver boomerangs
 Z - 6 javelins
Armour
 f - a +1 pair of boots
 r - a +3 scale mail of fire resistance
 t - the -1 pair of boots of the Worm (worn) {rElec rPois Int-4}
   (You bought it in a shop on level 2 of the Orcish Mines)

   Int:       It affects your intelligence (-4).
   rElec:     It insulates you from electricity.
   rPois:     It protects you from poison.
 C - a +0 plate armour (worn)
 H - a scarf of repulsion (worn)
 L - a +0 pair of gloves (worn)
 M - a +0 buckler (worn)
Jewellery
 a - a ring of willpower (left hand)
 n - a ring of resist corrosion
 E - the amulet of Wamaat {Spirit Contam rPois Dex+8 Stlth+}
   (You found it on level 13 of the Dungeon)

   [amulet of guardian spirit]

   It causes incoming damage to be divided between your reserves of health and
   magic.
   Dex:       It affects your dexterity (+8).
   rPois:     It protects you from poison.
   Contam:    It causes magical contamination when unequipped.
   Stlth:     It makes you more stealthy.
 F - an amulet of regeneration (around neck)
 V - a +4 ring of slaying (right hand)
Wands
 c - a wand of flame (25)
 d - a wand of charming (12)
Scrolls
 e - 2 scrolls of silence
 h - 3 scrolls of vulnerability
 k - 11 scrolls of teleportation
 l - 2 scrolls of enchant weapon
 q - a scroll of magic mapping
 v - 7 scrolls of poison
 y - 5 scrolls of blinking
 A - 2 scrolls of immolation
 D - 2 scrolls of enchant armour
 J - 3 scrolls of fog
 O - 2 scrolls of torment
 P - 5 scrolls of fear
 T - 6 scrolls of identify {@r1}
 W - a scroll of butterflies
Potions
 g - 4 potions of heal wounds {@q2}
 i - 4 potions of brilliance
 j - 4 potions of cancellation
 o - 2 potions of resistance
 p - a potion of might
 u - 4 potions of curing {@q1}
 w - a potion of enlightenment
 z - 2 potions of lignification
 B - 3 potions of ambrosia
 I - 4 potions of mutation
 R - 3 potions of attraction
 U - 3 potions of magic
 Y - a potion of berserk rage
Miscellaneous
 N - a box of beasts (inert)
 X - a phial of floods (inert)


   Skills:
 + Level 17.7 Fighting
 - Level 12.7 Maces & Flails
 * Level 9.0 Throwing
 + Level 13.4 Armour
 - Level 2.4 Dodging
 - Level 0.7 Stealth
 + Level 8.9 Shields
 - Level 14.0 Evocations


You had 14 spell levels left.
You didn't know any spells.
Your spell library contained the following spells:

 Spells                   Type           Power      Damage    Failure   Level
 Apportation              Tloc           0%         N/A       100%        1
 Magic Dart               Conj           0%         1d3       100%        1
 Necrotise                Necr           0%         1d4       100%        1
 Shock                    Conj/Air       0%         1d3       100%        1
 Summon Small Mammal      Summ           0%         N/A       100%        1
 Ensorcelled Hibernation  Hex/Ice        0%         N/A       100%        2
 Passwall                 Tmut/Erth      0%         N/A       100%        2
 Searing Ray              Conj           0%         2d4       100%        2
 Static Discharge         Conj/Air       0%         2-2/arc   100%        2
 Call Canine Familiar     Summ           0%         N/A       100%        3
 Summon Guardian Golem    Hex/Summ       0%         N/A       100%        3
 Swiftness                Air            0%         N/A       100%        3
 Airstrike                Air            0%         2d(0-16)  100%        4
 Fulminant Prism          Conj/Hex       0%         3d5       100%        4
 Passage of Golubria      Tloc           0%         N/A       100%        4
 Summon Ice Beast         Ice/Summ       0%         N/A       100%        4
 Summon Lightning Spire   Summ/Air       0%         N/A       100%        4
 Alistair's Intoxication  Tmut/Pois      0%         N/A       100%        5
 Borgnjor's Vile Clutch   Necr/Erth      0%         N/A       100%        5
 Silence                  Hex/Air        0%         N/A       100%        5
 Summon Mana Viper        Hex/Summ       0%         N/A       100%        5
 Eringya's Noxious Bog    Tmut/Pois      0%         N/A       100%        6
 Monstrous Menagerie      Summ           0%         N/A       100%        7
 Lehudib's Crystal Spear  Conj/Erth      0%         10d2      100%        8


Dungeon Overview and Level Annotations

Branches:
Dungeon (15/15) Zot: 26734  Temple (1/1) D:4 Zot: 5942    Lair (4/5) D:9 Zot: 20704
 Shoals (0/4) Lair:2        Snake (0/4) Lair:3          Orc (2/2) D:12 Zot: 10970
    Elf (0/3) Orc:2        Vaults (0/5) D:14        Ossuary (visited)
Volcano (visited)
  Slime: Lair:4-5    Depths: D:15

Altars:
Ashenzari
Cheibriados
Dithmenos
Elyvilon
Fedhas
Gozag
Hepliaklqana
Kikubaaqudgha
Makhleb
Nemelex Xobeh
Okawaru
Qazlal
Ru
Sif Muna
Uskayaw
Vehumet
Wu Jian
Xom
Yredelemnul
Zin
The Shining One

Shops:
D:10 *   D:12 !   Orc:1 ?   Orc:2 (=[!

Annotations:
D:3 1 runed translucent door, HilariousDeathArtist's ghost, amateur AtEn
D:5 3 runed translucent doors, ZoeForever1's ghost, amateur DEAE
D:6 2 transporters, Aneyh's ghost, novice TeMo
D:13 1 transporter
D:15 1 runed translucent door, Huipt's ghost, journeyman DEFE
Lair:2 Fannar
Abyss:1 Maggie; Sigmund


Innate Abilities, Weirdness & Mutations

You have a pair of horns on your head.
You reflexively headbutt those who attack you in melee.


Message History

The large slime creature is heavily wounded.
You hit the large slime creature.
Space warps around the large slime creature.
You headbutt the large slime creature!
The large slime creature is severely wounded.
You whack the large slime creature!
Space warps around the large slime creature.
You headbutt the large slime creature!
The large slime creature is almost dead.
Two slime creatures merge to form a very large slime creature.
You hit the very large slime creature.
Space warps around the very large slime creature.
You headbutt the very large slime creature!
The very large slime creature is severely wounded.
You hit the very large slime creature.
Space warps horribly around the very large slime creature!
You headbutt the very large slime creature!
The very large slime creature is almost dead.
Two slime creatures merge to form an enormous slime creature.
You completely miss the enormous slime creature.
The enormous slime creature is severely wounded.
You whack the enormous slime creature!
Space warps around the enormous slime creature.
You headbutt the enormous slime creature!
The enormous slime creature is severely wounded.
The enormous slime creature hits you!!!
* * * LOW HITPOINT WARNING * * *
You hit the enormous slime creature.
Space warps around the enormous slime creature!
The enormous slime creature is severely wounded.
You whack the enormous slime creature!
Space warps around the enormous slime creature.
You headbutt the enormous slime creature.
The enormous slime creature is almost dead.
The enormous slime creature hits you!!!
* * * LOW HITPOINT WARNING * * *
The enormous slime creature attacks as you move away!
The enormous slime creature hits you!!!
You die...
Your body crumbles into a pile of gold.

.# .# .# ###
....
.#.#########.#
.#
.............#
##.#
######.......#
...# ##..
#.$.....# ...#
.#....##......#
...#
......J@.###(.#
...#
##....####....#
...# ##..
###..##.# ...#
#####...###=#
..##
#..........#
..#
#..........#
.##
###..........#
#######
#............#
......#
#.#..........#


You could see an enormous slime creature.

Vanquished Creatures
  Louise (D:14)
  A red draconian (Volcano)
  7 hydras
  Erica (D:11)
  3 centaur warriors
  A catoblepas (Lair:4)
  5 two-headed ogres
  4 death yaks
  4 orc high priests
  Urug (D:12)
  Amaemon (D:11)
  A fire crab (Lair:4)
  A salamander mystic (Volcano)
  Pikel (D:8)
  6 orc sorcerers
  2 deep elf pyromancers
  3 orc knights (Orc:2)
  6 cyclopes
  A manticore (D:14)
  5 ugly things
  4 salamanders (Volcano)
  9 elephants
  A torpor snail (Lair:3)
  3 black mambas
  An orange demon (D:11)
  14 cane toads
  3 rime drakes (Lair:4)
  9 komodo dragons
  9 trolls
  3 merfolk (Lair:2)
  4 polar bears
  6 dream sheep (Lair:4)
  Grinder (D:4)
  5 blink frogs
  5 vampires
  2 wraiths
  3 wyverns
  Eustachio (D:4)
  28 yaks
  5 vampire mosquitoes
  Menkaure (D:6)
  A steam dragon (D:6)
  3 basilisks
  5 wargs
  6 water moccasins
  2 acid dragons
  An ice beast (D:7)
  23 orc warriors
  2 sky beasts (D:8)
  7 black bears
  9 ogres
  3 wolves (Lair:4)
  3 centaurs
  6 kobold brigands
  12 bullfrogs
  A scorpion (D:6)
  3 gnoll sergeants
  4 wights (D:7)
  A howler monkey (D:12)
  5 electric eels
  5 jellies
  15 orc priests
  2 hounds (D:5)
  2 sleepcaps
  2 iguanas (D:6)
  24 orc wizards
  8 mummies (Ossuary)
  19 gnolls
  2 adders
  A white imp (D:6)
  An ufetubus (D:6)
  2 worms (D:3)
  4 dart slugs
  86 orcs
  8 ball pythons
  8 endoplasms
  6 giant cockroaches
  7 goblins
  6 hobgoblins
  4 jackals (D:1)
  20 kobolds
  A quokka (D:1)
  4 bats
  2 frilled lizards (D:3)
  3 gnoll zombies (Ossuary)
  2 hobgoblin zombies (Ossuary)
  2 kobold zombies (Ossuary)
  An orc zombie (Ossuary)
  7 rats
523 creatures vanquished.

Vanquished Creatures (collateral kills)
  Kirke (D:15)
  An ugly thing (D:15)
  2 elephants (Lair:3)
  2 cane toads
  A blink frog (Lair:1)
  4 yaks
  A naga (Lair:3)
  A black bear (Lair:2)
13 creatures vanquished.

Vanquished Creatures (others)
  An ugly thing (D:11)
  2 yaks (Lair:4)
  A human (D:15)
  A water moccasin (Lair:1)
  An orc wizard (Orc:2)
6 creatures vanquished.

Grand Total: 542 creatures vanquished

Notes
Turn   | Place    | Note
-------+----------+-------------------------------------------
     0 | D:1      | SeerSkye the Minotaur Artificer began the quest for the
                  | Orb.
     0 | D:1      | Reached XP level 1. HP: 16/16 MP: 0/0
   107 | D:1      | Reached skill level 2 in Fighting
   150 | D:1      | Reached XP level 2. HP: 15/25 MP: 1/1
   160 | D:1      | Reached skill level 1 in Maces & Flails
   533 | D:1      | Reached skill level 3 in Fighting
   533 | D:1      | Reached XP level 3. HP: 28/31 MP: 2/2
  1060 | D:3      | Found a runed translucent door.
  1060 | D:3      | Noticed HilariousDeathArtist's ghost (amateur AtEn)
  1156 | D:3      | Reached XP level 4. HP: 39/39 MP: 3/3
  1238 | D:3      | Reached XP level 5. HP: 41/46 MP: 4/4
  1239 | D:3      | Reached skill level 4 in Fighting
  1742 | D:4      | Found a sand-covered staircase.
  1750 | Ossuary  | Entered an ossuary
  1801 | Ossuary  | Reached skill level 5 in Maces & Flails
  1890 | Ossuary  | Reached XP level 6. HP: 53/53 MP: 5/5
  1989 | D:4      | Noticed Eustachio
  1992 | D:4      | Killed Eustachio
  1993 | D:4      | Reached skill level 5 in Fighting
  2409 | D:4      | Reached XP level 7. HP: 53/61 MP: 6/6
  2412 | D:4      | Found a staircase to the Ecumenical Temple.
  2444 | D:4      | Noticed Grinder
  2466 | D:4      | Killed Grinder
  2476 | Temple   | Entered the Ecumenical Temple
  2514 | Temple   | Became a worshipper of Gozag Ym Sagoz the Greedy
  2543 | D:4      | Reached skill level 6 in Fighting
  2620 | D:4      | Noticed Sigmund
  2629 | D:4      | Banished Sigmund
  2630 | D:4      | Reached XP level 8. HP: 71/71 MP: 7/7
  2705 | D:5      | Entered Level 5 of the Dungeon
  2705 | D:5      | Found a hide-covered altar of Uskayaw.
  2761 | D:5      | Found a radiant altar of Vehumet.
  2761 | D:5      | Found a broken altar of Ashenzari.
  2891 | D:5      | Found a runed translucent gate.
  2895 | D:5      | Found a runed translucent gate.
  2895 | D:5      | Found a runed translucent gate.
  2895 | D:5      | Noticed a troll
  2895 | D:5      | Noticed ZoeForever1's ghost (amateur DEAE)
  3168 | D:6      | Reached skill level 5 in Armour
  3199 | D:6      | Reached skill level 7 in Fighting
  3213 | D:6      | Noticed Menkaure
  3228 | D:6      | Killed Menkaure
  3276 | D:6      | Found a transporter.
  3277 | D:6      | Noticed Aneyh's ghost (novice TeMo)
  3279 | D:6      | Identified the +6 great mace "Roar" {antimagic, Dex+2}
  3279 | D:6      | Noticed a two-headed ogre
  3283 | D:6      | Found a transporter.
  3297 | D:6      | Reached skill level 10 in Maces & Flails
  3394 | D:6      | Reached XP level 9. HP: 80/80 MP: 8/8
  3486 | D:6      | Found a glowing golden altar of the Shining One.
  3490 | D:6      | Found a hazy altar of Hepliaklqana.
  3500 | D:6      | Found a burning altar of Makhleb.
  3646 | D:6      | Reached skill level 8 in Fighting
  3819 | D:7      | Noticed Maggie
  3847 | D:7      | Banished Maggie
  4040 | D:7      | Reached skill level 10 in Fighting
  4040 | D:7      | Reached XP level 10. HP: 94/94 MP: 9/9
  4041 | D:7      | Reached skill level 11 in Fighting
  4041 | D:7      | Reached skill level 10 in Armour
  4041 | D:7      | Reached XP level 11. HP: 102/102 MP: 10/10
  4311 | D:7      | Found an ornate altar of the Wu Jian Council.
  4434 | D:8      | Noticed Pikel
  4453 | D:8      | Killed Pikel
  4454 | D:8      | Reached skill level 12 in Fighting
  4567 | D:8      | Found a glowing silver altar of Zin.
  4697 | D:8      | Found a sacrificial altar of Ru.
  4909 | D:8      | Noticed a boulder beetle
  5123 | D:8      | Banished a boulder beetle
  5244 | D:9      | Found a staircase to the Lair.
  5278 | D:9      | Reached XP level 12. HP: 97/113 MP: 11/11
  5616 | D:10     | Entered Level 10 of the Dungeon
  5644 | D:10     | Noticed a two-headed ogre
  5651 | D:10     | Killed a two-headed ogre
  6061 | D:10     | Found Segoxab's General Store.
  6078 | D:10     | Bought a scroll of torment for 104 gold pieces
  6078 | D:10     | Bought a scroll of fear for 44 gold pieces
  6078 | D:10     | Bought a scroll of identify for 22 gold pieces
  6078 | D:10     | Bought a potion of attraction for 33 gold pieces
  6183 | D:11     | Noticed Amaemon
  6192 | D:11     | Killed Amaemon
  6202 | D:11     | Reached skill level 13 in Fighting
  6275 | D:11     | Noticed Erica
  6284 | D:11     | Killed Erica
  6519 | D:11     | Noticed a two-headed ogre
  6537 | D:11     | Killed a two-headed ogre
  6874 | D:12     | Found Vamecrik's Distillery.
  6880 | D:12     | Bought a potion of magic for 128 gold pieces
  6880 | D:12     | Bought a potion of invisibility for 128 gold pieces
  6880 | D:12     | Bought a potion of cancellation for 128 gold pieces
  6880 | D:12     | Bought a potion of heal wounds for 80 gold pieces
  6937 | Lair:1   | Entered Level 1 of the Lair of Beasts
  7049 | Lair:1   | Reached skill level 10 in Evocations
  7149 | Lair:1   | Reached skill level 14 in Fighting
  7159 | Lair:1   | Identified the +0 pair of gloves of Ofumn {*Corrode Int+5}
  7477 | Lair:1   | Noticed a boulder beetle
  7496 | Lair:1   | Banished a boulder beetle
  7602 | Lair:1   | Identified the +1 robe "Taesch" {rF+ Will+ Str-2 Dex+2}
  7640 | Lair:1   | Reached XP level 13. HP: 118/124 MP: 12/12
  8044 | Lair:2   | Found a staircase to the Shoals.
  8278 | Lair:2   | Reached skill level 15 in Fighting
  8537 | Lair:2   | Noticed Fannar
  9186 | Lair:3   | Found a staircase to the Snake Pit.
  9378 | Lair:4   | Found a dark tunnel.
  9382 | Volcano  | Entered a volcano
  9407 | Volcano  | Found a burning altar of Makhleb.
  9424 | Volcano  | Noticed a red draconian
  9433 | Volcano  | Reached XP level 14. HP: 90/135 MP: 13/13
  9994 | Lair:4   | Reached skill level 16 in Fighting
 10952 | D:12     | Found a staircase to the Orcish Mines.
 10961 | D:12     | Reached skill level 1 in Shields
 11220 | D:12     | Identified the +0 robe of Apolos {rF+ rC+ Archmagi}
 11621 | D:12     | Found a snail-covered altar of Cheibriados.
 11758 | Orc:1    | Entered Level 1 of the Orcish Mines
 11766 | Orc:1    | Noticed Urug
 11784 | D:12     | Killed Urug
 11935 | Orc:1    | Reached skill level 5 in Shields
 12117 | Orc:1    | You fall into a shaft and drop 1 floor!
 12117 | Orc:2    | Entered Level 2 of the Orcish Mines
 12121 | Orc:2    | Found Gabu's Antique Weapon Emporium.
 12155 | Orc:2    | Found Plog's Jewellery Boutique.
 12162 | Orc:2    | Reached skill level 17 in Fighting
 12162 | Orc:2    | Reached XP level 15. HP: 79/146 MP: 14/14
 12189 | Orc:2    | Found Hoas's Armour Boutique.
 12233 | Orc:2    | Found Qirilup's Distillery.
 12241 | Orc:2    | Bought 2 potions of might for 128 gold pieces
 12243 | Orc:2    | Bought the -1 pair of boots of the Worm {rElec rPois Int-4}
                  | for 93 gold pieces
 12276 | Orc:2    | Found a staircase to the Elven Halls.
 12928 | Orc:1    | Found Qoapiv's Magic Scroll Emporium.
 12940 | Orc:1    | Bought a scroll of identify for 30 gold pieces
 12940 | Orc:1    | Bought a scroll of identify for 30 gold pieces
 12940 | Orc:1    | Bought a scroll of identify for 30 gold pieces
 13392 | D:13     | Identified the amulet of Wamaat {Spirit Contam rPois Dex+8
                  | Stlth+}
 13398 | D:13     | Found a shimmering blue altar of Sif Muna.
 13407 | D:13     | Found a transporter.
 13913 | D:14     | Noticed Louise
 13961 | D:14     | Killed Louise
 14022 | D:14     | Found a gate to the Vaults.
 14314 | D:15     | Entered Level 15 of the Dungeon
 14327 | D:15     | Found a runed translucent door.
 14327 | D:15     | Found a shimmering altar of Xom.
 14327 | D:15     | Noticed Huipt's ghost (journeyman DEFE)
 14372 | D:15     | Noticed Kirke
 14384 | D:15     | Killed Kirke
 14606 | D:15     | Annihilated by an enormous slime creature

Illustrated notes

Levels and vault maps discovered:
D:1:      minmay_arrival_three_doors, layout_basic, minmay_misc_feat_room,
          minmay_shallow_snake_nest
D:2:      layout_loops_corners
D:3:      minmay_angry_zag, layout_basic, hellmonk_ghost_happy_afterlife,
          minmay_close_crescents
D:4:      layout_cave_pods, minmay_temple_entry_statues_pillars,
          nicolae_ossuary_entry_monument, uniq_grinder, uniq_eustachio,
          uniq_sigmund
D:5:      layout_basic, mainiacjoe_overflow_brackets,
          chequers_temple_overflow_statue_of_worship, gammafunk_ghost_split
D:6:      layout_loops_cross, minmay_overflow_temple_star_quad,
          trog_hazing_becter, gammafunk_ghost_smash, kennysheep_path_1,
          minmay_liquid_box, uniq_menkaure
D:7:      layout_loops_ring, pdpol_wu_jian_five_deadly_venoms, uniq_maggie
D:8:      layout_loops_ring, nicolae_ru_awakened_eye,
          mainiacjoe_overflow_boulevard, kennysheep_island_fort, uniq_pikel
D:9:      layout_cave_pools, erik_lair_orcish_takeover, serial_column_ruins,
          column_ruins_grid_3, column_ruins_grid_1, column_ruins_grid_1,
          column_ruins_grid_4, column_ruins_corridor_T, minivault_5
D:10:     layout_basic, serial_shops, shop
D:11:     layout_basic, kennysheep_crisscross, uniq_erica, uniq_amaemon
D:12:     layout_stronghold, kennysheep_orc_monster_closet_entryway,
          serial_shops, nicolae_shop_stone, cheibriados_altar_1
D:13:     gammafunk_sealed_library, layout_rooms, minmay_crystal_water,
          bh_walls_and_bars
D:14:     layout_rooms, david_vaults_1, minmay_misc_feat_cross, uniq_louise
D:15:     gammafunk_enter_depths_forms, layout_basic, ebering_ghost_xom,
          serial_curves, eino_curves_04, eino_curves_02, eino_curves_01,
          eino_curves_02, uniq_kirke
Temple:   chequers_temple_sunken
Lair:1:   layout_gridlike, beast_lair_carwin_2, lemuel_fruit_tree,
          grunt_megastairs_5
Lair:2:   beast_lair_carwin_large_1, layout_gridlike, elwin_shoals_entry_stream,
          uniq_fannar
Lair:3:   layout_misc_corridors, guppyfry_snake_entry_island
Lair:4:   nzn_winding_woodlands_three_and_one
          [nzn_winding_woodlands_5x15_split_checker,
          nzn_winding_woodlands_5x15_garden, nzn_winding_woodlands_5x15_zeroes,
          nzn_winding_woodlands_center_pierced_h], layout_cave_pods,
          nicolae_volcano_entry_lava_flow, serial_bayou_shore_a
Orc:1:    layout_diamond_mine, serial_shops, nicolae_shop_statue_plus,
          mines1_david, uniq_urug
Orc:2:    st_orc_elflike, layout_caves, basic_altar, special_room

Skill      XL: |  1  2  3  4  5  6  7  8  9 10 11 12 13 14 15 |
---------------+----------------------------------------------+-----
Fighting       | 2 3 4 5 6 7 10 11 12 14 15 17 | 17.7
Maces & Flails | 1 3 4 5 6 8 10 12 | 12.7
Armour         | 4 6 9 10 11 12 13 | 13.4
Throwing       | 6 9 |  9.0
Evocations     | 6 7 10 12 14 | 14.0
Dodging        | 2 |  2.4
Shields        | 6 8 |  8.9
Stealth        | |  0.7

Action                     |  1- 3 |  4- 6 |  7- 9 | 10-12 | 13-15 || total
---------------------------+-------+-------+-------+-------+-------++-------
  Melee: Club              |    19 |       |       |       |       ||    19
         Headbutt          |     8 |    23 |    40 |    95 |   303 ||   469
         Mace              |    27 |       |       |       |       ||    27
         Whip              |    39 |   105 |   177 |   393 |   996 ||  1710
         Punch             |       |       |     5 |     3 |       ||     8
  Throw: Boomerang         |       |       |       |    21 |    23 ||    44
         Throwing net      |       |       |       |       |     1 ||     1
         Javelin           |       |       |       |       |    17 ||    17
 Invoke: Potion Petition   |       |       |       |       |     3 ||     3
  Evoke: Wand              |     8 |    11 |     6 |    17 |    32 ||    74
         Phial of floods   |       |       |       |       |     3 ||     3
         Box of beasts     |       |       |       |       |     1 ||     1
    Use: Scroll            |       |     5 |     6 |     5 |     6 ||    22
         Potion            |       |       |     1 |     7 |    12 ||    20
   Stab: Paralysed         |       |       |     9 |     9 |     9 ||    27
         Invisible         |       |       |       |       |    11 ||    11
         Distracted        |       |       |       |       |     4 ||     4
 Armour: Leather armour    |    20 |       |       |       |       ||    20
         Scale mail        |     6 |    13 |       |       |       ||    19
         Plate armour      |       |     5 |    54 |   111 |   340 ||   510
  Dodge: Dodged            |    52 |    48 |    48 |   129 |   260 ||   537
         Repelled          |       |       |       |       |     3 ||     3
  Block: Buckler           |       |       |       |       |    97 ||    97

Table legend: (Time is in decaauts)
 A = Elapsed time spent in this place.
 B = Non-inter-level travel time spent in this place.
 C = Inter-level travel time spent in this place.
 D = Time resting spent in this place.
 E = Time spent auto-exploring this place.
 F = Levels seen in this place.
 G = Mean time per level.
                   A        B        C        D        E       F      G
               +--------+--------+--------+--------+--------+-----+--------+
         Total |  13801 |  13159 |    642 |    348 |    249 |  24 |  575.0 |
       Dungeon |   9032 |   8534 |    498 |    205 |    161 |  15 |  602.1 |
        Temple |     57 |     57 |      0 |      0 |      0 |   1 |   57.0 |
          Lair |   3295 |   3181 |    114 |    143 |     88 |   4 |  823.8 |
  Orcish Mines |   1029 |    999 |     30 |      0 |      0 |   2 |  514.5 |
       Ossuary |    203 |    203 |      0 |      0 |      0 |   1 |  203.0 |
       Volcano |    183 |    183 |      0 |      0 |      0 |   1 |  183.0 |
               +--------+--------+--------+--------+--------+-----+--------+

Top non-repeatable levels by time:
    D:12: 1149 daAuts
  Lair:4: 1060 daAuts
  Lair:1: 837 daAuts
    D:11: 805 daAuts
  Lair:2: 790 daAuts
     D:8: 672 daAuts
     D:7: 656 daAuts
     D:2: 651 daAuts
     D:4: 645 daAuts
     D:6: 610 daAuts
  Lair:3: 606 daAuts
    D:13: 598 daAuts
     D:3: 586 daAuts
     D:1: 559 daAuts
   Orc:2: 546 daAuts
